 Dungeon Crawl Stone Soup version 0.27.1 (webtiles) character file.

Game seed: 231899601560479132

25 unlimited1921 the Magician (level 3, -6/25 HPs)
             Began as a Djinni Summoner on Aug 23, 2021.
             Killed from afar by a white imp (13 damage)
             ... with a puff of frost
             ... summoned by the player character
             ... on level 3 of the Dungeon on Aug 24, 2021.
             The game lasted 00:30:38 (3498 turns).

unlimited1921 the Magician (Djinni Summoner)        Turns: 3498, Time: 00:30:39

Health: -6/25      AC:  3    Str:  7    XL:     3   Next: 20%
Gold:   81         EV: 12    Int: 17    God:
                   SH:  0    Dex: 13

rFire    + + .     SeeInvis .   d - +0 dagger
rCold    x . .     Faith    .   (no shield)
rNeg     . . .     Spirit   .   a - +0 robe
rPois    ∞         Reflect  .   (no helmet)
rElec    .         Harm     .   e - +0 cloak
rCorr    .         Rampage  .   (no gloves)
Will     .....                  (boots unavailable)
Stlth    ++........             b - amulet of the acrobat
HPRegen  0.08/turn              (no ring)
MPRegen  0.00/turn              (no ring)

@: flying, very slightly contaminated
A: sickness immunity, fire resistance 2, cold vulnerability 1, float, innate
caster, hp casting, extra vitality 1
a: no special abilities


You were on level 3 of the Dungeon.
You visited 1 branch of the dungeon, and saw 3 of its levels.

You collected 81 gold pieces.

Inventory:

Hand Weapons
 d - a +0 dagger (weapon)
 i - a +1 vorpal hunting sling
Missiles
 f - 18 sling bullets
Armour
 a - a +0 robe (worn)
 e - a +0 cloak (worn)
Jewellery
 b - an amulet of the acrobat (around neck)
Wands
 k - a wand of digging (6)
Scrolls
 c - 2 scrolls of identify
 g - a scroll of brand weapon
 h - 3 scrolls of teleportation {unknown}
Potions
 j - a potion of mutation
 l - a potion of curing


   Skills:
 - Level 0.1 Fighting
 + Level 2.2 Dodging
 + Level 1.8 Stealth
 + Level 3.8 Spellcasting


You couldn't memorise any spells.
You knew the following spells:

 Your Spells              Type           Power      Damage    Failure   Level
a - Summon Small Mammal   Summ           64%        N/A       3%          1
b - Call Imp              Summ           16%        N/A       4%          2
c - Call Canine Familiar  Summ           16%        N/A       10%         3
d - Summon Guardian Gole  Hex/Summ       16%        N/A       10%         3
e - Summon Lightning Spi  Summ/Air       16%        N/A       32%         4
f - Magic Dart            Conj           64%        1d6       3%          1
Your spell library was empty.

Dungeon Overview and Level Annotations

Branches:
Dungeon (3/15)

Altars:

Annotations:
D:3 Ijyb


Innate Abilities, Weirdness & Mutations

You are immune to sickness and miasma.
You are immune to poison.
Your flesh is very heat resistant. (rF++)
You are vulnerable to cold. (rC-)
You float through the air rather than walking.
You learn spells naturally, not from books.
Your magical power is your life essence.
You have superior vitality. (+4 HP)


Message History

Your crimson imp misses Ijyb.
Ijyb zaps a wand.
Your crimson imp easily resists.
Your crimson imp blinks! x2
Casting: Call Imp (safe; 4% risk of failure)
Confirm with . or Enter, or press ? or * to list all spells.
A beastly little devil appears in a puff of flame.
Ijyb zaps a wand.
Your white imp is charmed!
The white imp hits you. The white imp freezes you.
You feel a terrible chill!
Your crimson imp disappears in a puff of smoke!
You swap places.
Your white imp gestures at your crimson imp.
The puff of frost hits your crimson imp!
Your crimson imp is frozen!
The white imp closely misses your crimson imp.
Your crimson imp hits the white imp.
Your white imp gestures at your crimson imp.
The puff of frost hits your crimson imp!!
Your crimson imp is frozen!
Your crimson imp dies!
Your white imp shouts, "Turn tail, thou worthless roguish clack-dish!"
Ijyb shouts!
Level annotation: Ijyb Welcome back, unlimited1921 the Djinni Summoner.
Press ? for a list of commands and other information.
Cast which spell? (? or * to list)
You don't know that spell.
Cast which spell? (? or * to list)
Okay, then.
Cast which spell? (? or * to list)
The spell is quite dangerous to cast (10% risk of failure)!
Continue anyway?
You miscast Call Canine Familiar.
You are very lightly contaminated with residual magic.
Nothing appears to happen.
* * * LOW HITPOINT WARNING * * *
A giant cockroach comes into view.
Your white imp gestures at you.
The puff of frost hits you!
You feel a terrible chill!
Ouch! That really hurt!
You die...

#. ###. #.
#... #.
#..# #.###
..## ..B
.g. #5# #.#
###.#####.#
#..@..5g..#
#.#.#######
#.#.# #.#.#
#.#.# #.#.#
#.#..
#.##.# .#
#[##>#


You could see Ijyb (ally target), a white imp (hexed, summoned), a giant
cockroach and a friendly crimson imp (summoned).

Vanquished Creatures
  2 bats (D:1)
2 creatures vanquished.

Vanquished Creatures (collateral kills)
  A worm (D:2)
  2 bats
  7 endoplasms
  6 goblins (D:1)
  2 hobgoblins (D:1)
  A quokka (D:1)
  5 ball pythons
  A frilled lizard (D:1)
  4 kobolds
  2 rats
31 creatures vanquished.

Grand Total: 33 creatures vanquished

Notes
Turn   | Place    | Note
-------+----------+-------------------------------------------
     0 | D:1      | unlimited1921 the Djinni Summoner began the quest for the
                  | Orb.
     0 | D:1      | Reached XP level 1. HP: 15/15 MP: 0/0
     6 | D:1      | Noticed a scorpion
     6 | D:1      | Noticed a wyvern
     6 | D:1      | Noticed a black bear
     6 | D:1      | Noticed an anaconda
   620 | D:1      | Reached XP level 2. HP: 20/21 MP: 0/0
  2506 | D:2      | Reached XP level 3. HP: 20/25 MP: 0/0
  2506 | D:2      | Learned a level 1 spell: Magic Dart
  3473 | D:3      | Noticed Ijyb
  3498 | D:3      | Killed from afar by a white imp

Illustrated notes

Levels and vault maps discovered:
D:1:      onia_arrival_zoo_common, layout_loops_ring
D:2:      layout_loops_corners
D:3:      layout_loops_ring, uniq_ijyb

Action                   || total
-------------------------++-------
Melee: Dagger            ||    11
 Cast: Summon Small Mamm ||    24
       Call Imp          ||    42
  Use: Scroll            ||     3
 Stab: Sleeping          ||     1
Armor: Robe              ||     7
Dodge: Dodged            ||    19
